 Seeded DCSS version 0.29.1-12-g30fa7ad0bf (webtiles) character file.

Game seed: 8801078753918749808 (custom seed)

28310 purpskrrrp the Geomancer (level 13, -6/86 HPs)
             Began as a Grey Draconian Conjurer on Jan 14, 2023.
             Was a High Priest of Vehumet.
             Mangled by a skeletal warrior
             ... wielding a +0 halberd
              (25 damage)
             ... on level 12 of the Dungeon.
             The game lasted 01:00:04 (18018 turns).

purpskrrrp the Geomancer (Grey Draconian Conjurer) Turns: 18018, Time: 01:00:04

Health: -6/86      AC: 18    Str: 10    XL:     13   Next: 9%
Magic:  11/25      EV: 15    Int: 29    God:    Vehumet [*****.]
Gold:   515        SH:  0    Dex: 13    Spells: 5/28 levels left

rFire   . . .      SeeInvis .   u - +2 scimitar of Light {drain, rElec rC++ Dex+3 Stlth+}
rCold   + + .      Faith    +   (no shield)
rNeg    . . .      Spirit   .   (body armour unavailable)
rPois   .          Reflect  .   (helmet restricted)
rElec   +          Harm     .   m - scarf {repulsion}
rCorr   .          Rampage  .   y - +1 Delatra's gloves {ID++}
Will    .....                   d - +2 pair of boots
Stlth   +++.......              x - amulet of faith
HPRegen 0.24/turn               K - ring of wizardry
MPRegen 0.19/turn               B - +6 ring of intelligence

@: repel missiles
A: AC +13, amphibious, unfitting armour, cold-blooded
a: Renounce Religion


You were on level 12 of the Dungeon.
You worshipped Vehumet.
Vehumet was extremely pleased with you.
You visited 1 branch of the dungeon, and saw 12 of its levels.
You also visited: Sewer and Bailey.

You collected 515 gold pieces.

Inventory:

Hand Weapons
 a - the +10 rapier "Vuexoed" {elec, *Rage rPois Str+4 Dex+2}
   (You found it on level 3 of the Dungeon)

   It occasionally discharges a powerful burst of electricity upon striking a
   foe.
   Str:       It affects your strength (+4).
   Dex:       It affects your dexterity (+2).
   rPois:     It protects you from poison.
   *Rage:     It berserks you when you make melee attacks (+20% chance).
 g - a +0 antimagic quarterstaff
 u - the +2 scimitar of Light (weapon) {drain, rElec rC++ Dex+3 Stlth+}
   (You took it off a goblin on level 3 of the Dungeon)

   A truly terrible weapon, it drains the life of any living foe it strikes.
   Dex:       It affects your dexterity (+3).
   rC:        It greatly protects you from cold.
   rElec:     It insulates you from electricity.
   Stlth:     It makes you more stealthy.
 v - a +3 eveningstar
Armour
 d - a +2 pair of boots (worn)
 m - a scarf of repulsion (worn)
 y - the +1 Delatra's gloves (worn) {ID++}
   (You found it on level 4 of the Dungeon)

   It heals its wearer when they drink unknown potions.
   It restores its wearer's MP when they read unknown scrolls.
Jewellery
 h - a ring of positive energy
 r - a ring of flight
 t - an amulet of the acrobat
 x - an amulet of faith (around neck)
 A - a ring of protection from fire
 B - a +6 ring of intelligence (right hand)
 H - a ring of see invisible
 I - an amulet of magic regeneration
 K - a ring of wizardry (left hand)
 O - a +6 ring of strength
 P - a ring of wizardry
 Q - a ring of fire
Wands
 b - a wand of quicksilver (4)
 z - a wand of mindburst (7)
 D - a wand of digging (2)
 E - a wand of polymorph (23)
Scrolls
 f - 3 scrolls of silence
 i - 3 scrolls of fear
 l - 4 scrolls of teleportation
 n - 4 scrolls of enchant armour
 p - 2 scrolls of amnesia
 s - 2 scrolls of poison
 J - 5 scrolls of magic mapping
 N - 3 scrolls of identify
Potions
 c - 9 potions of flight
 e - a potion of might
 j - a potion of mutation
 k - a potion of invisibility
 q - 2 potions of cancellation
 w - 10 potions of curing
 C - a potion of lignification
 F - 4 potions of attraction
 M - a potion of ambrosia


   Skills:
 + Level 8.2 Dodging
 - Level 1.7 Stealth
 + Level 8.3 Spellcasting
 + Level 12.7 Conjurations
 - Level 5.2 Hexes
 * Level 14.4 Earth Magic


You had 5 spell levels left.
You knew the following spells:

 Your Spells              Type           Power      Damage    Failure   Level
a - Magic Dart            Conj           100%       1d8       0%          1
b - Searing Ray           Conj           100%       2d8       1%          2
c - Fulminant Prism       Conj/Hex       29%        3d14      1%          4
d - Shatter               Erth           38%        3d30*     69%         9
e - Orb of Destruction    Conj           36%        9d11      2%          7

Your spell library contained the following spells:

 Spells                   Type           Power      Damage    Failure   Level
 Apportation              Tloc           24%        N/A       1%          1
 Dazzling Flash           Conj/Hex       100%       N/A       1%          3
 Iskenderun's Mystic Bla  Conj/Tloc      49%        2d11      1%          4
 Borgnjor's Vile Clutch   Necr/Erth      26%        N/A       2%          5
 Summon Mana Viper        Hex/Summ       27%        N/A       16%         5
 Alistair's Intoxication  Tmut/Pois      8%         N/A       43%         5
 Summon Forest            Summ/Tloc      6%         N/A       43%         5
 Eringya's Noxious Bog    Tmut/Pois      6%         N/A       52%         6
 Summon Cactus Giant      Summ           6%         N/A       93%         6
 Malign Gateway           Summ/Tloc      6%         N/A       100%        7
 Summon Horrible Things   Summ           6%         N/A       100%        8
 Chain Lightning          Conj/Air       24%        3d32      100%        9
 Fire Storm               Conj/Fire      24%        8d6       100%        9


Dungeon Overview and Level Annotations

Branches:
Dungeon (12/15)            Temple (0/1) D:6            Lair (0/5) D:8
    Orc (0/2) D:11          Sewer (visited)          Bailey (visited)

Altars:
Elyvilon
Fedhas
Hepliaklqana
Makhleb
Nemelex Xobeh
Okawaru
Qazlal
Ru
Uskayaw
Vehumet

Shops:
D:8 !

Annotations:
D:12 2 runed translucent doors, BraveToast's ghost, journeyman FoFi


Innate Abilities, Weirdness & Mutations

Your dull iron-grey scales are very hard. (AC +13)
You are amphibious.
You cannot fit into any form of body armour.
You are cold-blooded and may be slowed by cold attacks.


Message History

Casting: Fulminant Prism (safe; 1% risk of failure)
Confirm with . or Enter, or press ? or * to list all spells.
Okay, then.
You feel much better.
The skeletal warrior hits you but does no damage.
Your fulminant prism explodes!
The blast of energy engulfs the skeletal warrior.
The skeletal warrior is lightly damaged.
The blast of energy engulfs the skeletal warrior!!
The skeletal warrior is heavily damaged.
Casting: Fulminant Prism (safe; 1% risk of failure)
Confirm with . or Enter, or press ? or * to list all spells.
Aiming: Searing Ray (safe; 1% risk of failure)
Press: ? - help, Shift-Dir - straight line, f - skeletal warrior
Aim: a skeletal warrior, wielding a +0 halberd (heavily damaged, 83% to hit)
The searing ray misses the skeletal warrior.
The searing ray hits the skeletal warrior.
The skeletal warrior is heavily damaged. (Press . to maintain the ray.)
The skeletal warrior misses you.
Casting: Searing Ray (safe; 1% risk of failure)
Confirm with . or Enter, or press ? or * to list all spells.
Aiming: Fulminant Prism (safe; 1% risk of failure)
Press: ? - help, Dir - move target, p - skeletal warrior You conjure a prism of explosive energy!
A fulminant prism comes into view.
The skeletal warrior hits you from afar with a +0 halberd!!
* * * LOW HITPOINT WARNING * * *
Casting: Fulminant Prism (safe; 1% risk of failure)
Confirm with . or Enter, or press ? or * to list all spells.
Aiming: Searing Ray (safe; 1% risk of failure)
Press: ? - help, Shift-Dir - straight line, f - skeletal warrior
Aim: a skeletal warrior, wielding a +0 halberd (heavily damaged, ally target, 83% to hit)
The searing ray hits the skeletal warrior!
The skeletal warrior is moderately damaged.
The searing ray hits the skeletal warrior.
The skeletal warrior is heavily damaged. (Press . to maintain the ray.)
The skeletal warrior hits you from afar with a +0 halberd!!
You die...

...........~≈~~......# ########.
##..........≈~.......#
#...z....###.......#..........###
+.z...z...................###.###
#z###########............. #....
#..........##...z*.####### ####.
........##.#####z#...... #.
.........#.#####.#>..... #.
.........#.#....@#.##### #.
#.......##.#.....# # #.
#..........'.....# #.
+...####.#.#....## #.
########.#.#....# #.
.........#.....## #.
##############.# ..# #.
#.............# ..# #.
#.############# ..# #.


You could see 2 skeletal warriors and a friendly fulminant prism.

Vanquished Creatures
  Erolcha (D:10)
  An ogre mage (D:11)
  3 centaur warriors (D:11)
  A boulder beetle (D:11)
  A two-headed ogre (Bailey)
  A slime creature (D:12)
  A skeletal warrior (D:12)
  A wolf spider (D:11)
  A manticore (D:11)
  3 cyclopes (D:11)
  Maggie (D:6)
  An unseen horror (shapeshifter) (D:11)
  2 trolls
  A queen bee (D:9)
  Grinder (D:6)
  4 spriggans (Bailey)
  2 wraiths
  13 yaks
  A wyvern (D:4)
  A shadow (D:11)
  5 humans (D:8)
  3 steam dragons
  4 fire bats (D:10)
  Grum (D:10)
  Menkaure (D:6)
  3 water moccasins
  An acid dragon (D:9)
  Duvessa (D:5)
  A hell hound (D:10)
  An ice beast (D:5)
  5 orc warriors
  3 black bears
  2 wolves (D:10)
  5 ogres
  A phantom (D:5)
  3 centaurs
  Blork the orc (D:4)
  8 bullfrogs
  A gnoll sergeant (D:9)
  2 necrophages (D:5)
  13 wights
  Dowan (D:5)
  11 killer bees (D:9)
  4 howler monkeys
  2 hounds
  2 lava snakes (D:10)
  A jelly (D:7)
  8 orc priests
  5 iguanas
  12 orc wizards
  3 gnolls (D:9)
  15 adders
  5 river rats
  2 shadow imps (D:7)
  2 white imps
  2 ufetubi
  9 worms
  5 dart slugs
  32 orcs
  8 endoplasms
  4 giant cockroaches
  22 goblins
  7 hobgoblins
  6 jackals
  6 quokkas
  11 ball pythons
  13 bats
  8 frilled lizards
  6 kobolds
  6 rats
  3 fire vortices (D:10)
327 creatures vanquished.

Vanquished Creatures (others)
  A butterfly (D:4)
  47 fulminant prisms
48 creatures vanquished.

Grand Total: 375 creatures vanquished

Notes
Turn   | Place    | Note
-------+----------+-------------------------------------------
     0 | D:1      | purpskrrrp the Draconian Conjurer began the quest for the
                  | Orb.
     0 | D:1      | Reached XP level 1. HP: 14/14 MP: 3/3
   450 | D:1      | Reached XP level 2. HP: 18/20 MP: 0/5
  1044 | D:1      | Reached XP level 3. HP: 26/26 MP: 0/6
  2442 | D:3      | Identified the +10 rapier "Vuexoed" {elec, *Rage rPois
                  | Str+4 Dex+2}
  2451 | D:3      | Reached XP level 4. HP: 33/33 MP: 3/7
  2476 | D:3      | Reached skill level 5 in Conjurations
  2488 | D:3      | Identified the +2 scimitar of Light {drain, rElec rC++
                  | Dex+3 Stlth+}
  2562 | D:3      | Found a glowing drain.
  2581 | Sewer    | Entered a sewer
  2877 | Sewer    | Reached XP level 5. HP: 38/38 MP: 6/9
  4183 | D:4      | Found a blossoming altar of Fedhas.
  4194 | D:4      | Found a radiant altar of Vehumet.
  4200 | D:4      | Reached XP level 6. HP: 45/45 MP: 10/10
  4258 | D:4      | Found the +1 Delatra's gloves {ID++}
  4416 | D:4      | Learned a level 2 spell: Searing Ray
  4417 | D:4      | Noticed a wyvern
  4418 | D:4      | Found a sacrificial altar of Ru.
  4574 | D:4      | Found a white marble altar of Elyvilon.
  4608 | D:4      | Killed a wyvern
  4609 | D:4      | Your scales start taking on a dull iron-grey colour.
  4609 | D:4      | Reached XP level 7. HP: 9/50 MP: 0/12
  4978 | D:4      | Became a worshipper of Vehumet
  5167 | D:4      | Noticed Blork the orc
  5177 | D:4      | Killed Blork the orc
  5522 | D:5      | Entered Level 5 of the Dungeon
  5641 | D:5      | Noticed Duvessa
  5641 | D:5      | Noticed Dowan
  6273 | D:5      | Reached XP level 8. HP: 55/57 MP: 10/14
  6407 | D:5      | Killed Duvessa
  6417 | D:5      | Killed Dowan
  6653 | D:5      | Reached skill level 5 in Dodging
  6653 | D:5      | Reached skill level 5 in Spellcasting
  6761 | D:6      | Reached * piety under Vehumet
  6761 | D:6      | Offered knowledge of Foxfire by Vehumet.
  6799 | D:6      | Found a stormy altar of Qazlal.
  7155 | D:6      | Noticed Menkaure
  7176 | D:6      | Killed Menkaure
  7384 | D:6      | Reached XP level 9. HP: 58/62 MP: 9/17
  7389 | D:6      | Learned a level 4 spell: Fulminant Prism
  7399 | D:6      | Learned a level 9 spell: Shatter
  7488 | D:6      | Reached skill level 1 in Earth Magic
  7490 | D:6      | Noticed Maggie
  7491 | D:6      | Noticed Grinder
  7500 | D:6      | Reached skill level 2 in Earth Magic
  7506 | D:6      | Killed Maggie
  7507 | D:6      | Reached skill level 1 in Hexes
  7513 | D:6      | Reached skill level 3 in Earth Magic
  7521 | D:6      | Killed Grinder
  7528 | D:6      | Reached ** piety under Vehumet
  7580 | D:6      | Offered knowledge of Poisonous Vapours by Vehumet.
  7663 | D:6      | Found a staircase to the Ecumenical Temple.
  7872 | D:6      | Reached skill level 10 in Conjurations
  7993 | D:6      | Reached skill level 4 in Earth Magic
  8128 | D:6      | Found a hazy altar of Hepliaklqana.
  8606 | D:7      | Found a sparkling altar of Nemelex Xobeh.
  9713 | D:8      | Offered knowledge of Static Discharge by Vehumet.
  9714 | D:8      | Reached skill level 5 in Earth Magic
  9772 | D:8      | Reached XP level 10. HP: 67/69 MP: 14/19
  9985 | D:8      | Found a staircase to the Lair.
 10337 | D:8      | Reached skill level 6 in Earth Magic
 10355 | D:8      | Reached *** piety under Vehumet
 10743 | D:8      | Found a hide-covered altar of Uskayaw.
 11018 | D:8      | Found Anuneixt's Distillery.
 11954 | D:9      | Found an iron altar of Okawaru.
 11978 | D:9      | Offered knowledge of Stone Arrow by Vehumet.
 12032 | D:9      | Found a flagged portal.
 12041 | Bailey   | Entered a bailey
 12091 | Bailey   | Reached skill level 7 in Earth Magic
 12101 | Bailey   | Noticed a two-headed ogre
 12111 | Bailey   | Killed a two-headed ogre
 12194 | Bailey   | Reached **** piety under Vehumet
 12308 | Bailey   | Identified the quicksilver dragon scales of Pifyik {rPois
                  | rC+ Will+}
 12636 | D:9      | Reached XP level 11. HP: 50/74 MP: 21/21
 12936 | D:9      | Offered knowledge of Airstrike by Vehumet.
 13860 | D:9      | Reached skill level 8 in Earth Magic
 13953 | D:10     | Entered Level 10 of the Dungeon
 13990 | D:10     | Found a burning altar of Makhleb.
 14107 | D:10     | Noticed Erolcha
 14118 | D:10     | Killed Erolcha
 14353 | D:10     | Reached ***** piety under Vehumet
 14365 | D:10     | Noticed Grum
 14371 | D:10     | Killed Grum
 14371 | D:10     | Offered knowledge of Orb of Destruction by Vehumet.
 14380 | D:10     | Learned a level 7 spell: Orb of Destruction
 15261 | D:10     | Reached skill level 13 in Earth Magic
 15261 | D:10     | Reached XP level 12. HP: 81/81 MP: 23/23
 15522 | D:11     | Noticed a centaur warrior
 15668 | D:11     | Noticed a centaur warrior
 15672 | D:11     | Noticed a centaur warrior
 16057 | D:11     | Found a staircase to the Orcish Mines.
 16304 | D:11     | Killed a centaur warrior
 16305 | D:11     | Reached skill level 5 in Hexes
 16346 | D:11     | Killed a centaur warrior
 16479 | D:11     | Noticed an ogre mage
 16482 | D:11     | Killed an ogre mage
 16679 | D:11     | Reached skill level 14 in Earth Magic
 16872 | D:11     | Noticed a boulder beetle
 16881 | D:11     | Killed a boulder beetle
 17037 | D:11     | Killed a centaur warrior
 17038 | D:11     | Reached XP level 13. HP: 86/86 MP: 17/25
 17494 | D:12     | Found a runed translucent door.
 17498 | D:12     | Found a runed translucent door.
 17499 | D:12     | Noticed a shadow dragon
 17500 | D:12     | Noticed a lich
 17504 | D:12     | Noticed BraveToast's ghost (journeyman FoFi)
 17505 | D:12     | Noticed a war gargoyle
 18018 | D:12     | Mangled by a skeletal warrior

Illustrated notes

Levels and vault maps discovered:
D:1:      scummos_arrival_forest, layout_basic
D:2:      layout_loops_cross
D:3:      layout_loops_ring, lightli_sewer_entry_pipes, minmay_checkerbox
D:4:      layout_loops_ring, nicolae_vehumet_altar_sigil, kennysheep_mini,
          nicolae_elyvilon_peaceful_grove, nicolae_ru_awakened_eye,
          chequers_serial_rivers_large_b, uniq_blork_the_orc
D:5:      layout_loops_ring, uniq_duvessa
D:6:      layout_loops_ring, nicolae_hepliaklqana_hippocampus,
          grunt_qazlal_sundering, minmay_temple_entry_arrows,
          minmay_ogre_servants, uniq_menkaure, uniq_maggie, uniq_grinder
D:7:      layout_layer_cave, mainiacjoe_overflow_brackets
D:8:      layout_gridville, mainiacjoe_overflow_alcove_2, lair_entry_dummy,
          serial_shops, kennysheep_little_box, minmay_ruffians
D:9:      layout_loops_ring, kennysheep_okawaru_gauntlet, enter_bailey_4,
          kennysheep_nondescript, hive_lemuel
D:10:     layout_stronghold, lemuel_doored_altar, hangedman_incinerator,
          uniq_erolcha, uniq_grum
D:11:     minmay_tri_box, layout_basic, david_orc_3
D:12:     layout_basic, muffindrake_ghost_dual_entry, lemuel_old_faithful

Skill      XL: |  1  2  3  4  5  6  7  8  9 10 11 12 |
---------------+-------------------------------------+-----
Dodging        | 2 3 4 5 6 7 8 |  8.2
Conjurations   | 5 6 7 9 10 11 12 | 12.7
Spellcasting   | 3 4 5 6 7 8 |  8.3
Earth Magic    | 5 7 13 14 | 14.4
Hexes          | 2 3 4 5 |  5.2
Stealth        | |  1.7

Action                   |  1- 3 |  4- 6 |  7- 9 | 10-12 | 13-15 || total
-------------------------+-------+-------+-------+-------+-------++-------
Melee: Unarmed           |    21 |       |       |       |       ||    21
       Tailslap          |     6 |     6 |    18 |    22 |     6 ||    58
       Quarterstaff      |    20 |       |       |       |       ||    20
       Scimitar          |       |    90 |   170 |   177 |    33 ||   470
       Rapier            |       |     7 |       |       |       ||     7
       Punch             |       |       |     1 |     3 |       ||     4
Throw: Throwing net      |       |       |     1 |     1 |       ||     2
 Cast: Magic Dart        |    70 |    98 |   197 |   149 |     3 ||   517
       Searing Ray       |       |     2 |    17 |    29 |     4 ||    52
       Fulminant Prism   |       |       |       |    41 |     7 ||    48
       Orb of Destructio |       |       |       |    14 |     4 ||    18
Evoke: Wand              |       |       |       |     1 |       ||     1
  Use: Potion            |     1 |     3 |     5 |     5 |     1 ||    15
       Scroll            |       |       |     3 |    20 |     2 ||    25
 Stab: Sleeping          |       |     2 |     2 |     3 |       ||     7
       Held in net/web   |       |       |     1 |       |       ||     1
Armor: Skin              |    14 |    85 |   145 |   132 |    29 ||   405
Dodge: Dodged            |    23 |   151 |   194 |   249 |    54 ||   671
       Repelled          |       |       |     3 |     3 |       ||     6
